 Dungeon Crawl Stone Soup version 0.27-a0-592-g0306a34022 (webtiles) character file.

Game seed: 6250229717703927169

6 lastplaneout the Cutter (level 2, -7/19 HPs)
             Began as a Kobold Berserker on Mar 10, 2021.
             Was a Follower of Trog.
             Mangled by a gnoll
             ... wielding a +0 whip
              (11 damage)
             ... on level 1 of the Dungeon.
             The game lasted 00:00:33 (147 turns).

lastplaneout the Cutter (Kobold Berserker)           Turns: 147, Time: 00:00:33

Health: -7/19      AC:  2    Str: 14    XL:     2   Next: 0%
Magic:  2/2        EV: 14    Int:  8    God:    Trog [*.....]
Gold:   42         SH:  0    Dex: 14    Spells: 1/1 levels left

rFire    . . .     SeeInvis .   a - +0 short sword
rCold    . . .     Faith    .   (shield restricted)
rNeg     . . .     Spirit   .   b - +0 animal skin
rPois    .         Reflect  .   (no helmet)
rElec    .         Harm     .   (no cloak)
rCorr    .         Rampage  .   (no gloves)
Will     .....                  (no boots)
Stlth    ++........             (no amulet)
HPRegen  0.06/turn              (no ring)
MPRegen  0.08/turn              (no ring)

@: no status effects
A: small, nightstalker 3
a: Renounce Religion, Berserk


You were on level 1 of the Dungeon.
You worshipped Trog.
Trog was aware of your devotion.
You visited 1 branch of the dungeon, and saw 1 of its levels.

You collected 42 gold pieces.

Inventory:

Hand Weapons
 a - a +0 short sword (weapon)
Armour
 b - a +0 animal skin (worn)
Scrolls
 c - a scroll of immolation {unknown}


   Skills:
 - Level 3.2 Fighting
 + Level 4.6 Short Blades
 - Level 1.5 Armour
 - Level 2.4 Dodging


You had one spell level left.
You didn't know any spells.
Your spell library was empty.

Dungeon Overview and Level Annotations

Branches:
Dungeon (1/15)

Altars:


Innate Abilities, Weirdness & Mutations

You are small and have problems with some larger weapons.
You are completely attuned to the shadows.


Message History

You puncture the rat!
You kill the rat!
Trog accepts your kill.
You see here a rat corpse.
A bat comes into view.
The bat closely misses you.
A giant cockroach and a gnoll come into view.
The bat hits you but does no damage.
Found a scroll labelled GIXKIU FOPARAMA.
The giant cockroach closely misses you. The bat closely misses you.
You hit the bat.
You kill the bat!
Trog accepts your kill. The giant cockroach closely misses you.
You hit the giant cockroach but do no damage.
The giant cockroach barely misses you. The giant cockroach misses you.
You hit the giant cockroach.
The giant cockroach is moderately wounded.
The giant cockroach completely misses you.
You hit the giant cockroach.
You kill the giant cockroach!
Trog accepts your kill.
You have reached level 2!
You see here a giant cockroach corpse.
c - a scroll labelled GIXKIU FOPARAMA You see here a giant cockroach corpse.
You see here a bat corpse.
You hit the gnoll but do no damage. The gnoll hits you with a +0 whip.
You barely miss the gnoll. The gnoll hits you with a +0 whip!
* * * LOW HITPOINT WARNING * * *
You hit the gnoll.
The gnoll is lightly wounded.
You hit the gnoll.
The gnoll is severely wounded.
The gnoll barely misses you.
You hit the gnoll.
The gnoll is severely wounded.
The gnoll hits you with a +0 whip!
Ouch! That really hurt!
You die...

.# . ..##
#.###..###
.........
#g@..##
#.#†..#
#.#.#.#
..#†#.##
#####.#..#
......##.#
########.##
########
#..#
d#O#K#6#
##.#


You could see a gnoll.

Vanquished Creatures
  2 giant cockroaches (D:1)
  A goblin (D:1)
  A bat (D:1)
  A kobold (D:1)
  A rat (D:1)
6 creatures vanquished.

Notes
Turn   | Place    | Note
-------+----------+-------------------------------------------
     0 | D:1      | lastplaneout the Kobold Berserker began the quest for the
                  | Orb.
     0 | D:1      | Reached XP level 1. HP: 14/14 MP: 1/1
     2 | D:1      | Noticed a demigod
     2 | D:1      | Noticed a gargoyle
     4 | D:1      | Noticed a vine stalker
     4 | D:1      | Noticed a halfling
     6 | D:1      | Noticed a vampire
     6 | D:1      | Noticed a merfolk
     8 | D:1      | Noticed a formicid
    10 | D:1      | Noticed a spriggan
    10 | D:1      | Noticed a ghoul
    12 | D:1      | Noticed a centaur
    12 | D:1      | Noticed a minotaur
    15 | D:1      | Noticed an elf
    15 | D:1      | Noticed a troll
    17 | D:1      | Noticed a felid
    17 | D:1      | Noticed an octopode
    19 | D:1      | Noticed a human
    19 | D:1      | Noticed a naga
    21 | D:1      | Noticed a draconian
    23 | D:1      | Noticed an ogre
    25 | D:1      | Noticed a tengu
    27 | D:1      | Noticed a demonspawn
    27 | D:1      | Noticed a dwarf
   132 | D:1      | Reached XP level 2. HP: 19/19 MP: 2/2
   147 | D:1      | Mangled by a gnoll

Illustrated notes

Levels and vault maps discovered:
D:1:      kb_arrival_jail, layout_basic, nemelex_xobeh_ov_fountains_minmay

Action                   || total
-------------------------++-------
Melee: Short sword       ||    13
 Stab: Sleeping          ||     2
Armor: Animal skin       ||     2
Dodge: Dodged            ||    10

Table legend: (Time is in decaauts)
 A = Elapsed time spent in this place.
 B = Non-inter-level travel time spent in this place.
 C = Inter-level travel time spent in this place.
 D = Time resting spent in this place.
 E = Time spent auto-exploring this place.
 F = Levels seen in this place.
 G = Mean time per level.
                   A        B        C        D        E       F      G
               +--------+--------+--------+--------+--------+-----+--------+
         Total |    145 |    145 |      0 |      0 |     62 |   1 |  145.0 |
       Dungeon |    145 |    145 |      0 |      0 |     62 |   1 |  145.0 |
               +--------+--------+--------+--------+--------+-----+--------+

Top non-repeatable levels by time:
     D:1: 145 daAuts
